 Dungeon Crawl Stone Soup version 0.25-a0-549-g6e6e6501ad (webtiles) character file.

Game seed: 11862993908857899666, levelgen mode: deterministic

111 ReteAZ the Bolt Thrower (level 4, -2/41 HPs)
             Began as a Gnoll Wanderer on Feb 23, 2020.
             Slain by a gnoll
             ... wielding a +0 halberd
              (12 damage)
             ... on level 2 of the Dungeon.
             The game lasted 00:02:09 (1499 turns).

ReteAZ the Bolt Thrower (Gnoll Wanderer)            Turns: 1499, Time: 00:02:10

Health: -2/41      AC:  2    Str: 16    XL:     4   Next: 92%
Magic:  7/7        EV: 12    Int: 14    God:
Gold:   89         SH:  0    Dex: 14    Spells: 5/5 levels left

rFire    . . .     SeeInvis .   a - +2 hand crossbow
rCold    . . .     Gourm    .   (no shield)
rNeg     . . .     Faith    .   e - +0 robe
rPois    .         Spirit   .   (no helmet)
rElec    .         Reflect  .   (no cloak)
rCorr    .         Harm     .   (no gloves)
MR       .....                  (no boots)
Stlth    ++........             (no amulet)
HPRegen  0.13/turn              (no ring)
MPRegen  0.10/turn              (no ring)

@: no status effects
A: distributed training, fangs 1, strong nose
a: no special abilities


You were on level 2 of the Dungeon.
You were not hungry.

You visited 1 branch of the dungeon, and saw 2 of its levels.

You collected 89 gold pieces.

Inventory:

Hand Weapons
 a - a +2 hand crossbow (weapon)
 c - a +0 mace
Missiles
 b - 2 bolts (quivered)
 n - 17 poisoned darts
Armour
 e - a +0 robe (worn)
Scrolls
 g - a scroll of immolation {unknown}
 j - a scroll of teleportation {unknown}
 k - a scroll of enchant weapon {unknown}
 l - a scroll of amnesia {unknown}
 m - a scroll of fog {unknown}
Potions
 d - a potion of curing
 i - a potion of resistance {unknown}
Comestibles
 f - 2 rations
 h - 2 chunks of flesh


   Skills:
 + Level 6.6 Fighting
 + Level 1.2 Short Blades
 + Level 1.2 Long Blades
 + Level 1.2 Axes
 + Level 2.8 Maces & Flails
 + Level 1.2 Polearms
 + Level 1.2 Staves
 + Level 1.2 Slings
 + Level 1.2 Bows
 + Level 6.6 Crossbows
 + Level 1.2 Throwing
 + Level 2.8 Armour
 + Level 1.2 Dodging
 + Level 1.2 Stealth
 + Level 1.2 Shields
 + Level 1.2 Unarmed Combat
 + Level 1.2 Spellcasting
 + Level 1.0 Conjurations
 + Level 1.0 Hexes
 + Level 1.0 Charms
 + Level 1.0 Summonings
 + Level 1.0 Necromancy
 + Level 1.0 Translocations
 + Level 1.0 Transmutations
 + Level 1.0 Fire Magic
 + Level 1.0 Ice Magic
 + Level 1.0 Air Magic
 + Level 1.0 Earth Magic
 + Level 1.0 Poison Magic
 + Level 1.4 Invocations
 + Level 4.7 Evocations


You had 5 spell levels left.
You didn't know any spells.
Your spell library was empty.

Dungeon Overview and Level Annotations

Branches:
Dungeon (2/15)

Altars:
Fedhas
Wu Jian


Innate Abilities, Weirdness & Mutations

Your experience applies equally to all skills.
You have very sharp teeth.
Your uncanny sense of smell can sniff out nearby items.


Message History

The gnoll closely misses you.
Firing (i - inventory. (/) - cycle)
b - 5 bolts (quivered)
Press: ? - help, Shift-Dir - straight line, f - gnoll
Aim: a gnoll, wielding a +0 halberd You shoot a bolt.
The bolt closely misses the gnoll.
The bolt hits the gnoll.
The gnoll is moderately wounded.
The gnoll closely misses you.
Firing (i - inventory. (/) - cycle)
b - 4 bolts (quivered)
Press: ? - help, Shift-Dir - straight line, f/p - gnoll
Aim: a gnoll, wielding a +0 halberd You shoot a bolt.
The bolt closely misses the gnoll. x2
The gnoll barely misses you.
Firing (i - inventory. (/) - cycle)
b - 3 bolts (quivered)
Press: ? - help, Shift-Dir - straight line, f/p - gnoll
Aim: a gnoll, wielding a +0 halberd You shoot a bolt.
The bolt closely misses the gnoll.
The bolt hits the gnoll but does no damage.
The gnoll is moderately wounded.
The gnoll hits you from afar with a +0 halberd!
You die...

#### # #.<#.# ...#. ...
# ..#.# ##########.#.#
####### (...gg(@.....#
#.....# ##########.###
#.....#
.........#.#######.....#
.................'......
#......#.#.....###......
#.###.##.#####.# ######.
###.##.#####.########.
.......................
.....#############....#


You could see 2 gnolls.

Vanquished Creatures
  5 gnolls (D:2)
  An adder (D:2)
  5 dart slugs
  A leopard gecko (D:2)
  4 bats
  8 goblins
  5 hobgoblins
  10 kobolds
  2 frilled lizards (D:2)
  3 rats (D:1)
44 creatures vanquished.

Notes
Turn   | Place    | Note
-------+----------+-------------------------------------------
     0 | D:1      | ReteAZ the Gnoll Wanderer began the quest for the Orb.
     0 | D:1      | ReteAZ set off with the following items: a +2 hand
                  | crossbow, 16 bolts, a +0 mace, a potion of curing, a +0
                  | robe, a ration
     0 | D:1      | Reached XP level 1. HP: 23/23 MP: 3/3
    72 | D:1      | Reached XP level 2. HP: 29/29 MP: 5/5
   441 | D:1      | Reached XP level 3. HP: 35/35 MP: 6/6
   878 | D:2      | Reached skill level 1 in Invocations
   879 | D:2      | Reached skill level 1 in Short Blades
   879 | D:2      | Reached skill level 1 in Long Blades
   879 | D:2      | Reached skill level 1 in Axes
   879 | D:2      | Reached skill level 1 in Polearms
   879 | D:2      | Reached skill level 1 in Staves
   879 | D:2      | Reached skill level 1 in Slings
   879 | D:2      | Reached skill level 1 in Bows
   879 | D:2      | Reached skill level 1 in Throwing
   879 | D:2      | Reached skill level 1 in Dodging
   879 | D:2      | Reached skill level 1 in Stealth
   879 | D:2      | Reached skill level 1 in Shields
   879 | D:2      | Reached skill level 1 in Unarmed Combat
   879 | D:2      | Reached skill level 1 in Spellcasting
   880 | D:2      | Reached XP level 4. HP: 41/41 MP: 7/7
  1012 | D:2      | Found a blossoming altar of Fedhas.
  1063 | D:2      | Found an ornate altar of the Wu Jian Council.
  1492 | D:2      | Reached skill level 1 in Conjurations
  1492 | D:2      | Reached skill level 1 in Hexes
  1492 | D:2      | Reached skill level 1 in Charms
  1492 | D:2      | Reached skill level 1 in Summonings
  1492 | D:2      | Reached skill level 1 in Necromancy
  1492 | D:2      | Reached skill level 1 in Translocations
  1492 | D:2      | Reached skill level 1 in Transmutations
  1492 | D:2      | Reached skill level 1 in Fire Magic
  1492 | D:2      | Reached skill level 1 in Ice Magic
  1492 | D:2      | Reached skill level 1 in Air Magic
  1492 | D:2      | Reached skill level 1 in Earth Magic
  1492 | D:2      | Reached skill level 1 in Poison Magic
  1499 | D:2      | Slain by a gnoll

Levels and vault maps discovered:
D:1:      shiori_arrival_oz, layout_loops_corners
D:2:      layout_basic, fedhas_altar_2, lemuel_doored_altar

Skill      XL: |  1  2  3  4 |
---------------+-------------+-----
Invocations    | 1 |  1.4
Short Blades   | 1 |  1.2
Long Blades    | 1 |  1.2
Axes           | 1 |  1.2
Polearms       | 1 |  1.2
Staves         | 1 |  1.2
Slings         | 1 |  1.2
Bows           | 1 |  1.2
Throwing       | 1 |  1.2
Dodging        | 1 |  1.2
Stealth        | 1 |  1.2
Shields        | 1 |  1.2
Unarmed Combat | 1 |  1.2
Spellcasting   | 1 |  1.2
Conjurations   | 1 |  1.0
Hexes          | 1 |  1.0
Charms         | 1 |  1.0
Summonings     | 1 |  1.0
Necromancy     | 1 |  1.0
Translocations | 1 |  1.0
Transmutations | 1 |  1.0
Fire Magic     | 1 |  1.0
Ice Magic      | 1 |  1.0
Air Magic      | 1 |  1.0
Earth Magic    | 1 |  1.0
Poison Magic   | 1 |  1.0
Fighting       | |  6.6
Maces & Flails | |  2.8
Crossbows      | |  6.6
Armour         | |  2.8
Evocations     | |  4.7

Action                   |  1- 3 |  4- 6 || total
-------------------------+-------+-------++-------
Melee: Mace              |       |    29 ||    29
       Bite              |       |     3 ||     3
 Fire: Hand crossbow     |    46 |    14 ||    60
Throw: Dart              |       |     3 ||     3
 Stab: Sleeping          |       |     1 ||     1
  Eat: Chunk             |       |     2 ||     2
Armor: Robe              |     1 |     7 ||     8
Dodge: Dodged            |     1 |    22 ||    23

Table legend:
 A = Non-vault XP
 B = Vault XP
 C = Vault XP percentage of total XP
 D = Non-vault monster count
 E = Vault monster count
 F = Vault count percentage of total count
                 A         B        C        D         E       F
            +---------+---------+-------+---------+---------+-------
      Total |     155 |       4 |   2.5 |      42 |       2 |   4.5
            +---------+---------+-------+---------+---------+-------
        D:1 |      42 |       4 |   8.7 |      21 |       2 |   8.7
        D:2 |     113 |       0 |   0.0 |      21 |       0 |   0.0
            +---------+---------+-------+---------+---------+-------
